 Dungeon Crawl Stone Soup version 0.30.0-13-g156ef70053 (webtiles) character file.

Game seed: 11226917575141680418

26240 Cheops the Bludgeoner (level 11, -30/111 HPs)
             Began as a Minotaur Fighter on May 17, 2023.
             Was a Believer of Ru.
             Annihilated by a titanic slime creature (82 damage)
             ... on level 13 of the Dungeon.
             The game lasted 00:45:57 (15231 turns).

Cheops the Bludgeoner (Minotaur Fighter)           Turns: 15231, Time: 00:45:58

Health: -30/111    AC: 15    Str: 25    XL:     11   Next: 96%
Magic:  10/10      EV:  8    Int:  5    God:    Ru [**....]
Gold:   721        SH:  6    Dex: 21    Spells: 10/10 levels left

rFire   . . .        a - +9 hammer "Optioxib" {vamp, *Rage rN+ Dex+4}
rCold   . . .        H - +0 buckler
rNeg    + . .        C - +0 chain mail {rPois}
rPois   +            (helmet restricted)
rElec   .            G - +0 cloak
rCorr   .            j - +0 pair of gloves
SInv    .            k - +0 pair of boots
Will    .....        i - amulet of the acrobat Stlth
                     f - +6 ring of dexterity
HPRegen 0.38/turn    o - ring of flight
MPRegen 0.12/turn

%: random rage (20%), acrobat
@: on berserk cooldown, flying, slowed, very slow
A: horns 2, no conjurations magic, no fire magic, no transmutations magic,
inexperienced 1, retaliatory headbutt
a: Renounce Religion


You were on level 13 of the Dungeon.
You worshipped Ru.
Ru was pleased with you.
You visited 2 branches of the dungeon, and saw 15 of its levels.

You collected 721 gold pieces.

Inventory:

Hand Weapons
 a - the +9 hammer "Optioxib" (weapon) {vamp, *Rage rN+ Dex+4}
   (You found it on level 7 of the Dungeon)

   Dex:       It affects your dexterity (+4).
   rN:        It protects you from negative energy.
   *Rage:     It berserks you when you make melee attacks (+20% chance).
 b - a +3 morningstar of flaming
 c - a +2 mace of venom
 d - a +1 dagger of flaming
 K - a +3 dire flail of freezing
 L - a +4 dire flail
Missiles
 Q - a throwing net (quivered)
Armour
 j - a +0 pair of gloves (worn)
 k - a +0 pair of boots (worn)
 C - a +0 chain mail of poison resistance (worn)
 G - a +0 cloak (worn)
 H - a +0 buckler (worn)
 M - +0 acid dragon scales
 P - a +2 robe of fire resistance
 W - a +1 robe of cold resistance
 Y - the +4 robe of Augmentation {Str+4 Int+4 Dex+4}
   (You found it on level 12 of the Dungeon)

   Str:       It affects your strength (+4).
   Int:       It affects your intelligence (+4).
   Dex:       It affects your dexterity (+4).
Jewellery
 f - a +6 ring of dexterity (left hand)
 i - an amulet of the acrobat (around neck)
 o - a ring of flight (right hand)
 F - a +5 ring of evasion
 T - a ring of fire
 V - a ring of ice
 Z - a +4 ring of slaying
Wands
 e - a wand of flame (12)
 t - a wand of quicksilver (2)
 y - a wand of polymorph (17)
 D - a wand of roots (26)
 I - a wand of mindburst (29)
 J - a wand of paralysis (13)
Scrolls
 g - 3 scrolls of immolation
 h - a scroll of torment
 q - a scroll of fog
 r - a scroll of poison
 u - 3 scrolls of butterflies
 v - 3 scrolls of brand weapon
 x - 2 scrolls of teleportation
 B - a scroll of magic mapping
 E - 2 scrolls of vulnerability
 N - 2 scrolls of fear
 S - a scroll of enchant weapon
 U - 2 scrolls of identify
 X - 2 scrolls of blinking
Potions
 l - 5 potions of curing
 m - 4 potions of heal wounds
 n - a potion of might
 p - 2 potions of resistance
 s - a potion of invisibility
 w - 2 potions of berserk rage
 z - 3 potions of lignification
 A - 2 potions of mutation
 O - 3 potions of attraction
 R - 14 potions of ambrosia


   Skills:
 - Level 14.7 Fighting
 - Level 6.6 Long Blades
 - Level 16.0 Maces & Flails
 - Level 9.0 Armour
 - Level 6.0 Shields
 + Level 7.8 Evocations


You had 10 spell levels left.
You didn't know any spells.
Your spell library contained the following spells:

 Spells                   Type           Power      Damage    Failure   Level
 Summon Small Mammal      Summ           0%         N/A       95%         1
 Blink                    Tloc           0%         N/A       99%         2
 Lesser Beckoning         Tloc           0%         N/A       99%         2
 Portal Projectile        Hex/Tloc       0%         N/A       100%        3
 Summon Guardian Golem    Hex/Summ       0%         N/A       100%        3
 Tukima's Dance           Hex            0%         N/A       100%        3
 Summon Forest            Summ/Tloc      0%         N/A       100%        5
 Malign Gateway           Summ/Tloc      0%         N/A       100%        7
 Momentum Strike          Conj/Tloc      Unusable   3d8       N/A         2
 Stone Arrow              Conj/Erth      Unusable   3d7       N/A         3
 Blade Hands              Tmut           Unusable   N/A       N/A         5
 Fireball                 Conj/Fire      Unusable   3d3       N/A         5
 Iskenderun's Battlesphe  Conj           Unusable   2d6       N/A         5
 Conjure Ball Lightning   Conj/Air       Unusable   3x3d6     N/A         6
 Orb of Destruction       Conj           Unusable   9d5       N/A         7
 Spellforged Servitor     Conj/Summ      Unusable   N/A       N/A         7

Dungeon Overview and Level Annotations

Branches:
Dungeon (14/15)            Temple (1/1) D:5            Lair (0/5) D:10
    Orc (0/2) D:11
 Vaults: D:13-14

Altars:
Ashenzari
Cheibriados
Dithmenos
Elyvilon
Fedhas
Gozag
Hepliaklqana
Kikubaaqudgha
Makhleb
Nemelex Xobeh
Okawaru
Qazlal
Ru
Sif Muna
Trog
Uskayaw
Vehumet
Wu Jian
Xom
Yredelemnul
Zin
The Shining One


Innate Abilities, Weirdness & Mutations

You have a pair of horns on your head.
You cannot study or cast Conjurations magic.
You cannot study or cast Fire magic.
You cannot study or cast Transmutations magic.
You are somewhat inexperienced. (-1 XL)
You reflexively headbutt those who attack you in melee.


Message History

You thump the titanic slime creature!
The titanic slime creature is moderately wounded.
You block the titanic slime creature's attack.
You sock the titanic slime creature!
The titanic slime creature is heavily wounded.
The titanic slime creature is stunned by your conviction and fails to attack.
You bludgeon the titanic slime creature!!
The titanic slime creature is heavily wounded.
The titanic slime creature hits you!!
You focus your inner power and illuminate the titanic slime creature in retribution!
You sock the titanic slime creature!
You headbutt the titanic slime creature.
The titanic slime creature is heavily wounded.
The titanic slime creature hits you!!!
* * * LOW HITPOINT WARNING * * *
You are too injured to fight recklessly!
You are too injured to fight recklessly!
You are too injured to fight recklessly!
You are too injured to fight recklessly!
You are too injured to fight recklessly!
You are too injured to fight recklessly!
You are too injured to fight recklessly!
You are too injured to fight recklessly!
You are too injured to fight recklessly!
You are too injured to fight recklessly!
You are too injured to fight recklessly!
You are too injured to fight recklessly!
You are too injured to fight recklessly!
You are too injured to fight recklessly!
You are too injured to fight recklessly!
You bludgeon the titanic slime creature!!
You feel better.
The titanic slime creature is severely wounded.
You block the titanic slime creature's attack.
You sock the titanic slime creature!
You headbutt the titanic slime creature!
The titanic slime creature is severely wounded.
The titanic slime creature hits you!!!!
Ouch! That really hurt!
You die...

######### .J.JJ...#
#J# #@# #.# ####.#
#.#
......##########.##
......#...........#
####......#####..##
#..#.#.# #..#
####..#.#.# #..#
........#.# #..#


You could see a titanic slime creature (corona).

Vanquished Creatures
  Josephine (D:11)
  Fannar (D:11)
  2 hydras (D:14)
  A vault guard (D:13)
  4 centaur warriors (D:13)
  Erica (D:11)
  A boulder beetle (D:13)
  3 two-headed ogres
  Sonja (D:10)
  2 deep elf pyromancers
  2 ugly things (D:13)
  A manticore (D:11)
  An elephant (D:10)
  2 gargoyles (D:11)
  Maggie (D:10)
  3 kobold demonologists
  A komodo dragon (D:12)
  A troll (D:12)
  3 meliai (D:12)
  A queen bee (D:12)
  3 slime creatures
  2 shadows
  Eustachio (D:6)
  A vampire (D:11)
  11 yaks
  4 wraiths
  4 humans (D:13)
  A yak (shapeshifter) (D:12)
  A wyvern (D:11)
  2 steam dragons (D:8)
  2 vampire mosquitoes (D:7)
  Grum (D:8)
  A warg (D:11)
  Menkaure (D:7)
  2 acid dragons (D:11)
  2 water moccasins
  An ice beast (D:6)
  2 black bears (D:10)
  An ogre (D:7)
  5 orc warriors
  9 centaurs
  4 wolves (D:8)
  Blork the orc (D:4)
  5 kobold brigands (D:10)
  4 bullfrogs
  2 gnoll sergeants
  A scorpion (D:5)
  13 wights
  37 killer bees
  6 howler monkeys
  A jelly (D:6)
  10 orc priests
  A hound (D:5)
  4 iguanas
  2 sleepcaps
  Crazy Yiuf (D:7)
  11 orc wizards
  10 gnolls
  8 adders
  A white imp (D:4)
  2 ufetubi
  3 worms
  A dart slug (D:2)
  46 orcs
  4 bats
  5 endoplasms
  A giant cockroach (D:2)
  7 goblins
  5 hobgoblins
  6 quokkas
  6 ball pythons
  A frilled lizard (D:2)
  17 kobolds
  7 rats
  2 butterflies (D:5)
325 creatures vanquished.

Vanquished Creatures (others)
  A vault guard (D:13)
  A human (D:13)
  A kobold (D:10)
3 creatures vanquished.

Grand Total: 328 creatures vanquished

Notes
Turn   | Place    | Note
-------+----------+-------------------------------------------
     0 | D:1      | Cheops the Minotaur Fighter began the quest for the Orb.
     0 | D:1      | Reached XP level 1. HP: 19/19 MP: 0/0
    27 | D:1      | Found a faded altar of an unknown god.
   105 | D:1      | Reached XP level 2. HP: 4/26 MP: 1/1
   476 | D:1      | Reached XP level 3. HP: 29/31 MP: 2/2
  1515 | D:2      | Reached skill level 5 in Long Blades
  1886 | D:2      | Reached XP level 4. HP: 24/39 MP: 3/3
  2120 | D:3      | Reached XP level 5. HP: 25/45 MP: 4/4
  3096 | D:4      | Reached skill level 1 in Maces & Flails
  3097 | D:4      | Reached skill level 2 in Maces & Flails
  3157 | D:4      | Reached skill level 3 in Maces & Flails
  3373 | D:4      | Noticed Blork the orc
  3380 | D:4      | Killed Blork the orc
  3381 | D:4      | Reached skill level 4 in Maces & Flails
  3381 | D:4      | Reached XP level 6. HP: 31/51 MP: 5/5
  3899 | D:5      | Entered Level 5 of the Dungeon
  3908 | D:5      | Reached skill level 5 in Maces & Flails
  4133 | D:5      | Found an opulent altar of Gozag.
  4133 | D:5      | Found a radiant altar of Vehumet.
  4149 | D:5      | Reached skill level 6 in Maces & Flails
  4149 | D:5      | Reached XP level 7. HP: 55/57 MP: 6/6
  4412 | D:5      | Found a staircase to the Ecumenical Temple.
  4596 | D:5      | Reached skill level 7 in Maces & Flails
  4855 | Temple   | Entered the Ecumenical Temple
  5165 | Temple   | Became a worshipper of Ru the Awakened
  5232 | D:6      | Reached skill level 1 in Evocations
  5380 | D:6      | Reached skill level 8 in Maces & Flails
  5408 | D:6      | Reached XP level 8. HP: 52/64 MP: 7/7
  5446 | D:6      | Reached skill level 9 in Maces & Flails
  5694 | D:6      | Reached skill level 10 in Maces & Flails
  5952 | D:6      | Noticed Eustachio
  5971 | D:6      | Killed Eustachio
  6239 | D:7      | Reached skill level 11 in Maces & Flails
  6485 | D:7      | Noticed Menkaure
  6594 | D:7      | Killed Menkaure
  6595 | D:7      | Reached skill level 12 in Maces & Flails
  6595 | D:7      | Reached XP level 9. HP: 70/70 MP: 8/8
  6831 | D:7      | Found a runed translucent door.
  6832 | D:7      | Noticed Crazy Yiuf
  6910 | D:7      | Killed Crazy Yiuf
  6951 | D:7      | Identified the +9 hammer "Optioxib" {vamp, *Rage rN+ Dex+4}
  7190 | D:8      | Noticed a two-headed ogre
  7212 | D:8      | Killed a two-headed ogre
  7213 | D:8      | Reached skill level 13 in Maces & Flails
  7268 | D:8      | Found a sparkling altar of Nemelex Xobeh.
  7286 | D:8      | Gained mutation: You cannot study or cast Fire magic. [Ru
                  | sacrifice]
  7286 | D:8      | Gained mutation: You cannot study or cast Transmutations
                  | magic. [Ru sacrifice]
  7286 | D:8      | Gained mutation: You cannot study or cast Conjurations
                  | magic. [Ru sacrifice]
  7286 | D:8      | Reached * piety under Ru
  7289 | D:8      | Reached skill level 14 in Maces & Flails
  7750 | D:8      | Reached skill level 5 in Shields
  7974 | D:8      | Noticed Grum
  7985 | D:8      | Killed Grum
  7987 | D:8      | Reached skill level 5 in Armour
  8512 | D:9      | Reached XP level 10. HP: 77/77 MP: 9/9
  9033 | D:9      | Noticed a two-headed ogre
  9042 | D:9      | Killed a two-headed ogre
  9236 | D:10     | Entered Level 10 of the Dungeon
 10052 | D:10     | Noticed a rust devil
 10123 | D:9      | Reached skill level 15 in Maces & Flails
 10375 | D:10     | Noticed Maggie
 10385 | D:10     | Killed Maggie
 10544 | D:10     | Noticed an elephant
 10555 | D:10     | Noticed a sixfirhy
 10559 | D:10     | Killed an elephant
 10560 | D:10     | Reached skill level 16 in Maces & Flails
 10565 | D:10     | Reached XP level 11. HP: 18/85 MP: 10/10
 10573 | D:10     | Reached skill level 5 in Fighting
 10883 | D:10     | Noticed Sonja
 10903 | D:10     | Killed Sonja
 10966 | D:10     | Found a staircase to the Lair.
 11246 | D:11     | You are sucked into a shaft and drop 3 floors!
 11287 | D:14     | Noticed an eight-headed hydra
 11296 | D:14     | Killed an eight-headed hydra
 11384 | D:13     | Noticed a centaur warrior
 11397 | D:13     | Killed a centaur warrior
 11398 | D:13     | Reached skill level 10 in Fighting
 11659 | D:13     | Noticed a centaur warrior
 11666 | D:13     | Killed a centaur warrior
 11727 | D:13     | Noticed a vault guard
 11727 | D:13     | Noticed a vault guard
 11737 | D:14     | Noticed a five-headed hydra
 11740 | D:14     | Killed a five-headed hydra
 11740 | D:14     | Noticed a deep elf pyromancer
 11747 | D:14     | Killed a deep elf pyromancer
 12222 | D:11     | Noticed Josephine
 12235 | D:11     | Killed Josephine
 12526 | D:11     | Reached XP level 12. HP: 83/113 MP: 11/11
 12531 | D:11     | Noticed a two-headed ogre
 12539 | D:11     | Killed a two-headed ogre
 12785 | D:11     | Found a staircase to the Orcish Mines.
 12854 | D:11     | Noticed Fannar
 12860 | D:11     | Noticed Erica
 12876 | D:11     | Killed Erica
 12891 | D:11     | Killed Fannar
 13869 | D:12     | Found the +4 robe of Augmentation {Str+4 Int+4 Dex+4}
 14045 | D:12     | Got Kubleps's Commentary on Productive Grit
 14262 | D:13     | Noticed a boulder beetle
 14280 | D:13     | Killed a boulder beetle
 14281 | D:13     | Reached skill level 5 in Evocations
 14654 | D:13     | Noticed a centaur warrior
 14660 | D:13     | Killed a centaur warrior
 14770 | D:13     | Killed a vault guard
 14774 | D:13     | Gained mutation: You are somewhat inexperienced. (-1 XL)
                  | [Ru sacrifice]
 14774 | D:13     | Reached XP level 11. HP: 92/111 MP: 10/10
 14774 | D:13     | Reached ** piety under Ru
 14906 | D:13     | Noticed a vault guard
 14915 | D:13     | Killed a vault guard
 15051 | D:13     | Noticed a centaur warrior
 15058 | D:13     | Killed a centaur warrior
 15231 | D:13     | Annihilated by a titanic slime creature

Illustrated notes

Levels and vault maps discovered:
D:1:      lightli_arrival_statue_moat, layout_basic,
          ebering_ecumenical_altar_rust
D:2:      layout_basic
D:3:      layout_basic, serial_bayou_lake_a
D:4:      layout_basic, uniq_blork_the_orc
D:5:      layout_basic, nicolae_overflow_two_pavilions,
          minmay_temple_entry_butterflies
D:6:      layout_layer_cave, uniq_eustachio
D:7:      layout_rooms, uniq_crazy_yiuf_cottage, uniq_menkaure
D:8:      layout_layer_cave, lemuel_round_altar, uniq_grum
D:9:      nicolae_cairo_tiling, layout_loops_ring
D:10:     layout_rooms, david_lair_generic, uniq_maggie, uniq_sonja
D:11:     layout_rooms, david_orc_1_choice, minmay_strange_pillars, uniq_fannar,
          uniq_erica, uniq_josephine
D:12:     layout_roguey [special_room_bee], portal_ice_cave_entry_pillars_1
D:13:     layout_basic, ximxim_vaults_locker_room
D:14:     layout_big_octagon, serial_shops, nicolae_shop_just_a_little_nook,
          kiku_gazebo_garden_becter, minmay_quadrilaterals, uniq_snorg
Temple:   compressed_dpeg_triangle_lava_temple

Skill      XL: |  1  2  3  4  5  6  7  8  9 10 11 12 |
---------------+-------------------------------------+-----
Long Blades    | 3 4 5 6 |  6.6
Maces & Flails | 4 6 8 12 14 16 | 16.0
Evocations     | 2 7 6 |  7.8
Shields        | 6 |  6.0
Armour         | 6 9 |  9.0
Fighting       | 4 12 14 | 14.7

Action                     |  1- 3 |  4- 6 |  7- 9 | 10-12 || total
---------------------------+-------+-------+-------+-------++-------
  Melee: Long sword        |    99 |    29 |       |       ||   128
         Headbutt          |    14 |    23 |    33 |   119 ||   189
         Flail             |       |    82 |   103 |       ||   185
         Mace              |       |       |   100 |   146 ||   246
         Morningstar       |       |       |     7 |   351 ||   358
 Invoke: Sacrifice Arcana  |       |       |     1 |       ||     1
         Sacrifice Experie |       |       |       |     1 ||     1
         Reject Sacrifices |       |       |       |     1 ||     1
  Evoke: Wand              |       |       |       |    16 ||    16
    Use: Scroll            |       |       |    10 |    18 ||    28
         Potion            |       |       |       |     2 ||     2
   Stab: Invisible         |       |       |       |     2 ||     2
 Armour: Scale mail        |    45 |    16 |       |       ||    61
         Chain mail        |       |    31 |    76 |   186 ||   293
  Dodge: Dodged            |    47 |    54 |    85 |   181 ||   367
  Block: Buckler           |    15 |    17 |    58 |   109 ||   199
